 Dungeon Crawl Stone Soup version 0.28-a0-1184-g53156a8862 (webtiles) character file.

Game seed: 13012500480242609792

4 Snarg the Ducker (level 1, 0/14 HPs)
             Began as a Demigod Wanderer on Dec 18, 2021.
             Slain by a ball python (2 damage)
             ... on level 1 of the Dungeon.
             The game lasted 00:01:47 (285 turns).

Snarg the Ducker (Demigod Wanderer)                  Turns: 285, Time: 00:01:48

Health: 0/14       AC:  3    Str:  9    XL:     1   Next: 46%
Magic:  4/4        EV: 12    Int: 13    God:
Gold:   3          SH:  5    Dex: 18    Spells: 1/2 levels left

rFire   . . .      SeeInvis .   a - +0 dagger
rCold   . . .      Faith    .   c - +0 buckler
rNeg    . . .      Spirit   .   d - +0 leather armour
rPois   .          Reflect  .   (no helmet)
rElec   .          Harm     .   (no cloak)
rCorr   .          Rampage  .   (no gloves)
Will    .....                   (no boots)
Stlth   +.........              (no amulet)
HPRegen 0.04/turn               (no ring)
MPRegen 0.09/turn               (no ring)

@: no status effects
A: high mp 1, forlorn, divine attributes
a: no special abilities


You were on level 1 of the Dungeon.
You visited 1 branch of the dungeon, and saw 1 of its levels.

You collected 3 gold pieces.

Inventory:

Hand Weapons
 a - a +0 dagger (weapon)
Missiles
 b - 4 throwing nets (quivered)
Armour
 c - a +0 buckler (worn)
 d - a +0 leather armour (worn)
Scrolls
 e - a scroll of vulnerability {unknown}


   Skills:
 + Level 3.7 Dodging
 + Level 1.7 Shields
 - Level 1.0 Spellcasting
 + Level 2.9 Ice Magic


You had one spell level left.
You knew the following spells:

 Your Spells              Type           Power      Damage    Failure   Level
a - Freeze                Ice            32%        1d5       16%         1

Your spell library contained the following spells:

 Spells                   Type           Power      Damage    Failure   Level
 Frozen Ramparts          Ice            16%        1d3       43%         3


Dungeon Overview and Level Annotations

Branches:
Dungeon (1/15)


Innate Abilities, Weirdness & Mutations

You have an increased reservoir of magic. (+10% MP)
You shall have no god before yourself.
Your divine heritage dramatically boosts your attributes as you level up.


Message History

You are frozen.
You block the giant cockroach's attack.
You hit the giant cockroach.
You kill the giant cockroach!
The endoplasm freezes you.
You are frozen.
Casting: Freeze (safe; 17% risk of failure)
Confirm with . or Enter, or press ? or * to list all spells.
Aiming: Freeze (safe; 17% risk of failure)
Press: ? - help, Shift-Dir - straight line, f - endoplasm
Aim: an endoplasm You freeze the endoplasm.
The endoplasm is heavily wounded.
The endoplasm hits you but does no damage.
The endoplasm freezes you.
You are frozen.
A ball python comes into view.
You hit the endoplasm.
The endoplasm is severely wounded.
The endoplasm misses you.
You hit the endoplasm but do no damage.
The endoplasm is severely wounded.
The endoplasm completely misses you.
You hit the endoplasm.
The endoplasm is almost dead.
The endoplasm freezes you.
You are frozen.
* * * LOW HITPOINT WARNING * * *
You completely miss the endoplasm.
The endoplasm is almost dead.
You block the endoplasm's attack.
You barely miss the endoplasm.
The endoplasm is almost dead.
The endoplasm closely misses you. The ball python completely misses you.
The ball python closely misses you.
You hit the endoplasm.
You kill the endoplasm!
The ball python misses you. The ball python closely misses you.
You hit the ball python but do no damage.
The ball python bites you.
You die...

.....### ##'##..##
#...###.## #...# ##.# .
##'## #.# ... #...# #.####
....
#...#####.#.##########.#..
#...#.≈≈#.#...............
#...#.≈≈#†#.....@S....#
#...#..≈#.#....###...#...#
'.<.'..≈+......##..#...# #
#...#..≈#.###...#.##......
#...#.≈≈#.###.#.......##..
#...#.≈≈#.#........##.# .
#...#####.##..........#
#...# .###.......####
##+## .#.........>..


You could see a ball python.

Vanquished Creatures
  An endoplasm (D:1)
  A giant cockroach (D:1)
  A hobgoblin (D:1)
  A frilled lizard (D:1)
4 creatures vanquished.

Vanquished Creatures (others)
  3 plants (D:1)
3 creatures vanquished.

Grand Total: 7 creatures vanquished

Notes
Turn   | Place    | Note
-------+----------+-------------------------------------------
     0 | D:1      | Snarg the Demigod Wanderer began the quest for the Orb.
     0 | D:1      | Snarg set off with the following items: a +0 dagger, 4
                  | throwing nets, a +0 buckler, a +0 leather armour; and the
                  | following spell memorised: Freeze; and the following spells
                  | available to memorise: Frozen Ramparts
     0 | D:1      | Reached XP level 1. HP: 14/14 MP: 4/4
   285 | D:1      | Slain by a ball python

Illustrated notes

Levels and vault maps discovered:
D:1:      dpeg_arrival_yet_another_circle, layout_rooms,
          shapermc_ecumenical_altar_mp_urbaneastern

Action                   || total
-------------------------++-------
Melee: Dagger            ||    20
 Cast: Freeze            ||     4
Armor: Leather armour    ||     3
Dodge: Dodged            ||    15
Block: Buckler           ||     7

Table legend: (Time is in decaauts)
 A = Elapsed time spent in this place.
 B = Non-inter-level travel time spent in this place.
 C = Inter-level travel time spent in this place.
 D = Time resting spent in this place.
 E = Time spent auto-exploring this place.
 F = Levels seen in this place.
 G = Mean time per level.
                   A        B        C        D        E       F      G
               +--------+--------+--------+--------+--------+-----+--------+
         Total |    286 |    286 |      0 |    161 |     65 |   1 |  286.0 |
       Dungeon |    286 |    286 |      0 |    161 |     65 |   1 |  286.0 |
               +--------+--------+--------+--------+--------+-----+--------+

Top non-repeatable levels by time:
     D:1: 286 daAuts
